 Dungeon Crawl Stone Soup version 0.20.0-6-gd3061e9 (webtiles) character file.

130 SedStubbie the Sneak (level 5, -1/31 HPs)
             Began as an Octopode Enchanter on May 28, 2017.
             Slain by a worm (11 damage)
             ... on level 3 of the Dungeon.
             The game lasted 00:07:30 (3059 turns).

SedStubbie the Sneak (Octopode Enchanter)           Turns: 3059, Time: 00:07:31

Health: -1/31      AC:  1    Str:  7    XL:     5   Next: 13%
Magic:  9/9        EV: 13    Int: 18    God:
Gold:   204        SH:  0    Dex: 13    Spells: 9/10 levels left

rFire    . . .     SeeInvis .   a - +1 dagger
rCold    . . .     Gourm    .   (no shield)
rNeg     . . .     Faith    .   (helmet restricted)
rPois    .         Spirit   .   I - amulet of rage
rElec    .         Reflect  .   (no ring)
rCorr    .         Harm     .   (no ring)
MR       .....                  (no ring)
Stlth    ++++......             (no ring)
Regen    0.1/turn               (no ring)
MPRegen  0.2/turn               (no ring)
                                (no ring)
                                (no ring)

@: no status effects
A: almost no armour, stealthy swim, amphibious, 8 rings, constrict 8, camouflage
1, gelatinous body 1
a: Evoke Berserk Rage


You were on level 3 of the Dungeon.
You were near starving.

You visited 1 branch of the dungeon, and saw 3 of its levels.

You collected 204 gold pieces.

Inventory:

Hand Weapons
 a - a +1 dagger (weapon)
 q - a +0 blowgun
Missiles
 W - 28 poisoned needles
Jewellery
 I - an amulet of rage (around mantle)
Scrolls
 g - a scroll of remove curse
 B - a scroll of identify {unknown}
 C - a scroll of immolation {unknown}
 E - a scroll of magic mapping {unknown}
 T - 4 scrolls of teleportation
 V - a scroll of blinking {unknown}
Potions
 D - a potion of resistance {unknown}
 F - a potion of invisibility {unknown}
 G - a potion of heal wounds {unknown}
 H - a potion of flight {unknown}
 J - a potion of brilliance {unknown}
 K - a potion of degeneration {unknown}
 U - a potion of might {unknown}
Books
 b - a book of Maledictions

   Spells                             Type                      Level
   a - Corona                         Hexes                        1
   b - Ensorcelled Hibernation        Hexes/Ice                    2
   c - Confuse                        Hexes                        3
   d - Tukima's Dance                 Hexes                        3
   e - Dazzling Spray                 Conjuration/Hexes            3
Comestibles
 c - 4 bread rations
 f - 3 royal jellies
 z - 2 meat rations


   Skills:
 - Level 1.0 Short Blades
 - Level 2.0 Dodging
 + Level 5.4 Stealth
 + Level 3.0 Spellcasting
 + Level 4.2 Hexes


You had 9 spell levels left.
You knew the following spells:

 Your Spells              Type           Power        Failure   Level  Hunger
a - Corona                Hex            ###....      2%          1    None


Dungeon Overview and Level Annotations

Branches:
Dungeon (3/15)

Altars:


Innate Abilities, Weirdness & Mutations

You cannot wear most types of armour.
You are very stealthy in the water. (Stealth+)
You are amphibious.
You can wear up to eight rings at the same time.
You can use your tentacles to constrict eight enemies at once.
Your skin changes colour to match your surroundings (Stealth+).
Your rubbery body absorbs attacks. (AC +1, EV +1)


Message History

The worm bites you.
You hit the worm. You grab the worm.
The worm is moderately wounded.
You constrict the worm. The worm bites you!
You hit the worm.
The worm is moderately wounded.
You constrict the worm. You hit the worm but do no damage.
The worm is heavily wounded.
You constrict the worm. The worm misses you. The rat bites you.
You barely miss the rat. You grab the rat. You squeeze the rat.
You kill the rat!
You constrict the worm. You hit the worm.
The worm is severely wounded.
You constrict the worm. The worm bites you.
You hit the worm.
The worm is severely wounded.
You constrict the worm. The worm bites you!
You die...

#(.... #.# ##########
#.# #....# #.# #....#
#.# #....##### #.#
#...<#.... #.#
#...[#.... # #w#
#[...#....
...#.##@##########.#....
......†.........##.#....
#.##.##.........##.#....
# #..........[.'....
#.........##.#....
#.................
########'#.##.....
#....##.#.##.#'##
#.##.##.#.####.#


You could see a worm.

Vanquished Creatures
  6 adders
  An ooze (D:1)
  A worm (D:2)
  2 dart slugs (D:1)
  2 leopard geckos (D:1)
  An orc (D:3)
  8 bats
  3 giant cockroaches
  4 goblins
  9 hobgoblins
  2 jackals (D:1)
  7 kobolds
  A quokka (D:2)
  3 frilled lizards (D:1)
  11 rats
61 creatures vanquished.

Notes
Turn   | Place    | Note
-------+----------+-------------------------------------------
     0 | D:1      | SedStubbie the Octopode Enchanter began the quest for the Orb.
     0 | D:1      | Reached XP level 1. HP: 11/11 MP: 3/3
    53 | D:1      | Reached XP level 2. HP: 17/17 MP: 5/5
   608 | D:1      | Reached XP level 3. HP: 17/21 MP: 6/6
   849 | D:2      | Reached skill level 5 in Stealth
  1005 | D:2      | Reached XP level 4. HP: 27/27 MP: 7/7
  1797 | D:3      | Reached XP level 5. HP: 15/31 MP: 9/9
  2260 | D:3      | Reached skill level 3 in Spellcasting
  3059 | D:3      | Slain by a worm

Skill      XL: |  1  2  3  4  5 |
---------------+----------------+-----
Stealth        | 5 |  5.4
Hexes          | 4 |  4.2
Spellcasting   | 3 |  3.0
Short Blades   | |  1.0
Dodging        | |  2.0

Action                   |  1- 3 |  4- 6 || total
-------------------------+-------+-------++-------
Melee: Dagger            |    52 |    78 ||   130
       Constrict         |    12 |    17 ||    29
       Tentacles         |     7 |    17 ||    24
  Use: Scroll            |       |     2 ||     2
 Stab: Sleeping          |    18 |    12 ||    30
       Distracted        |       |     1 ||     1
  Eat: Chunk             |       |     5 ||     5
Armor: Skin              |     5 |     4 ||     9
Dodge: Dodged            |    19 |    46 ||    65
